 Seeded DCSS version 0.29.1-2-gbd0b4ee654 (webtiles) character file.

Game seed: 20221026 (custom seed)

106 Nerdsrcool the Poker (level 4, -5/41 HPs)
             Began as a Minotaur Chaos Knight on Oct 26, 2022.
             Was a Plaything of Xom.
             Slain by a gnoll
             ... wielding a +0 halberd
              (7 damage)
             ... on level 3 of the Dungeon.
             The game lasted 00:16:50 (1940 turns).

Nerdsrcool the Poker (Minotaur Chaos Knight)        Turns: 1940, Time: 00:16:51

Health: -5/41      AC: 11    Str: 18    XL:     4   Next: 55%
Magic:  3/3        EV:  5    Int:  9    God:    Xom [..*...]
Gold:   71         SH:  0    Dex: 10    Spells: 3/3 levels left

rFire   . . .      SeeInvis .   a - +0 spear (chaos)
rCold   . . .      Faith    .   (no shield)
rNeg    . . .      Spirit   .   d - +0 plate armour
rPois   .          Reflect  .   (helmet restricted)
rElec   .          Harm     .   (no cloak)
rCorr   .          Rampage  .   (no gloves)
Will    .....                   (no boots)
Stlth   ..........              (no amulet)
HPRegen 0.13/turn               (no ring)
MPRegen 0.08/turn               (no ring)

@: mighty
A: horns 2, retaliatory headbutt
a: Renounce Religion


You were on level 3 of the Dungeon.
You worshipped Xom.
You were a toy of Xom.
You visited 1 branch of the dungeon, and saw 4 of its levels.

You collected 71 gold pieces.

Inventory:

Hand Weapons
 a - a +0 spear of chaos (weapon)
 m - a +0 long sword of protection
Missiles
 i - 5 poisoned darts
Armour
 b - a +2 leather armour
 d - a +0 plate armour (worn)
Magical Staves
 e - a staff of death
Scrolls
 k - a scroll of magic mapping
 l - a scroll of blinking {unknown}
Potions
 f - a potion of heal wounds {unknown}
 g - a potion of invisibility {unknown}
 h - 2 potions of cancellation
Miscellaneous
 c - a piece from Xom's chessboard (13/15) (quivered)


   Skills:
 + Level 4.8 Fighting
 + Level 5.1 Polearms
 + Level 3.1 Armour
 + Level 1.3 Dodging


You had 3 spell levels left.
You didn't know any spells.
Your spell library was empty.

Dungeon Overview and Level Annotations

Branches:
Dungeon (4/15)
 Temple: D:4-7

Altars:

Shops:
D:3 :


Innate Abilities, Weirdness & Mutations

You have a pair of horns on your head.
You reflexively headbutt those who attack you in melee.


Message History

The gnoll flickers and vanishes!
The endoplasm attacks as you move away!
The endoplasm hits you but does no damage.
Your toxic aura wanes.
The endoplasm attacks as you move away!
The endoplasm hits you but does no damage.
The endoplasm attacks as you move away!
The endoplasm hits you but does no damage.
The endoplasm attacks as you move away!
The endoplasm hits you but does no damage.
The endoplasm attacks as you move away!
The endoplasm hits you but does no damage.
There is a stone staircase leading down here.
The endoplasm hits you but does no damage.
You climb downwards.
Reactivating autopickup.
The goblin shouts!
Found 18 gold pieces.
There is a stone staircase leading up here.
You feel very mighty all of a sudden. The endoplasm freezes you.
You are frozen.
* * * LOW HITPOINT WARNING * * *
You are too injured to fight recklessly!
You are too injured to fight recklessly!
You are too injured to fight recklessly!
You closely miss the goblin. Your headbutt misses the goblin.
The endoplasm hits you but does no damage.
You puncture the goblin!
You kill the goblin!
The endoplasm hits you but does no damage.
You puncture the endoplasm!
You kill the endoplasm!
There is a stone staircase leading up here.
You climb upwards.
Something hits you!
* * * LOW HITPOINT WARNING * * *
Deactivating autopickup; reactivate with Ctrl-A.
There is a stone staircase leading down, spattered with blood here.
Something hits you!
You die...

##############
#.....##.. ..#
#.∩...##.###.##
###.######.....##.#....#
#......@................
#.#.###.#####...#.#.#..#
#g# #...#.#...<# #.#
#####.###### #.##### #..
#.....# ### #.....###
##.#.......#
............+


You could see a gnoll.

Vanquished Creatures
  Robin (D:2)
  An adder (D:2)
  3 dart slugs
  6 bats
  4 endoplasms
  4 giant cockroaches
  14 goblins
  6 hobgoblins (D:2)
  9 jackals
  6 kobolds
  2 quokkas
  7 ball pythons
  4 rats
67 creatures vanquished.

Vanquished Creatures (others)
  A jackal zombie (D:1)
  4 demonic plants (D:1)
5 creatures vanquished.

Grand Total: 72 creatures vanquished

Notes
Turn   | Place    | Note
-------+----------+-------------------------------------------
     0 | D:1      | Nerdsrcool the Minotaur Chaos Knight began the quest for
                  | the Orb.
     0 | D:1      | Reached XP level 1. HP: 19/19 MP: 0/0
   111 | D:1      | Reached skill level 4 in Polearms
   148 | D:1      | Reached XP level 2. HP: 27/27 MP: 1/1
   227 | D:1      | XOM: noise
   323 | D:1      | XOM: divination: magic mapping
   327 | D:1      | XOM: divination: detect items
   561 | D:1      | XOM: noise
   608 | D:1      | Reached XP level 3. HP: 33/34 MP: 2/2
   628 | D:1      | Found a faded altar of an unknown god.
   687 | D:1      | XOM: silly message
  1005 | D:2      | XOM: divination: detect items
  1051 | D:2      | Noticed Robin
  1067 | D:2      | XOM: silly message
  1069 | D:2      | XOM: silly message
  1072 | D:2      | Killed Robin
  1073 | D:2      | Reached XP level 4. HP: 35/41 MP: 3/3
  1226 | D:2      | Reached skill level 5 in Polearms
  1319 | D:2      | XOM: divination: magic mapping
  1754 | D:3      | Found Perchix's Book Emporium.
  1755 | D:3      | XOM: silly message
  1921 | D:3      | XOM: cast spell 'Olgreb's Toxic Radiance'
  1922 | D:3      | XOM: enchant monster (bad)
  1939 | D:3      | HP: 2/41 [something (9)]
  1940 | D:3      | Slain by a gnoll

Illustrated notes

Levels and vault maps discovered:
D:1:      saegor_arrival_simple_b, layout_basic,
          shapermc_ecumenical_altar_mp_highgroup, dreamdust_princess_corridor
D:2:      layout_loops_ring, uniq_robin
D:3:      layout_basic, serial_shops, shop, st_stairs_8, grunt_decor_arrowhead,
          hex_medium, uniq_sigmund
D:4:      layout_loops_cross, mainiacjoe_overflow_small_starburst,
          minmay_temple_entry_wispy, minmay_mini_jars

Skill      XL: |  1  2  3  4 |
---------------+-------------+-----
Polearms       | 4 5 |  5.1
Fighting       | 4 |  4.8
Armour         | 3 |  3.1
Dodging        | |  1.3

Action                   |  1- 3 |  4- 6 || total
-------------------------+-------+-------++-------
Melee: Spear             |   132 |    68 ||   200
       Headbutt          |    15 |     6 ||    21
       Punch             |     2 |       ||     2
Evoke: Piece from Xom's  |       |     2 ||     2
  Use: Scroll            |     1 |     3 ||     4
       Potion            |       |     1 ||     1
Armor: Plate armour      |    54 |    44 ||    98
Dodge: Dodged            |    21 |    14 ||    35
